 Dungeon Crawl Stone Soup version 0.14.1-1-g650416f (webtiles) character file.

241 Quh the Magician (level 4, 0/24 HPs)
             Began as a Deep Elf Wizard on May 3, 2014.
             Killed from afar by an orc wizard (3 damage)
             ... with a magic dart
             ... on Level 3 of the Dungeon.
             The game lasted 00:20:07 (3217 turns).

Quh the Magician (Deep Elf Wizard)                  Turns: 3217, Time: 00:20:07

HP   0/24        AC  2     Str  5      XL: 4   Next: 62%
MP   8/17        EV 12     Int 23      God:
Gold 130         SH  0     Dex 13      Spells:  6 memorised,  0 levels left

rFire  . . .     SeeInvis .     (no weapon)
rCold  . . .     Clarity  .     a - +0 robe
rNeg   . . .     Conserve .     (no shield)
rPois  .         rCorr    .     b - +0 hat
rElec  .         rRot     .     (no cloak)
SustAb . .       Spirit   .     (no gloves)
rMut   .         Warding  .     (no boots)
Saprov . . .     Stasis   .     (no amulet)
MR     .....                    (no ring)
                                (no ring)

@: not resistant to hostile enchantments, fairly stealthy
A: no striking features
a: no special abilities


You were on level 3 of the Dungeon.
You were not hungry.

You visited 1 branch of the dungeon, and saw 3 of its levels.

You collected 130 gold pieces.

Inventory:

Missiles
 i - a dart (quivered)
 t - a dart of frost
Armour
 a - a +0 robe (worn)
 b - a +0 hat (worn)
Comestibles
 d - 3 bread rations
 g - 3 pears
 j - 8 strawberries
 s - an orange
 v - a meat ration
 w - 3 rotting chunks of orc flesh
Scrolls
 f - a scroll of recharging {unknown}
 k - a scroll of teleportation {unknown}
 l - a scroll of identify {unknown}
 n - a scroll of blinking {unknown}
 o - a scroll of noise {unknown}
 p - a scroll of enchant weapon I {unknown}
 u - a scroll of remove curse {unknown}
Potions
 e - a potion of restore abilities {unknown}
 h - a potion of heal wounds {unknown}
 m - 2 potions of lignification {unknown}
 q - a potion of cure mutation {unknown}
 r - a potion of curing {unknown}
Books
 c - a book of Minor Magic

   Spells                             Type                      Level
   *Magic Dart                        Conjuration                  1
   *Blink                             Translocation                2
   *Call Imp                          Summoning                    2
   *Repel Missiles                    Charms/Air                   2
   Slow                               Hexes                        2
   *Conjure Flame                     Conjuration/Fire             3
   *Mephitic Cloud                    Conjuration/Poison/Air       3


   Skills:
 - Level 2.4 Dodging
 - Level 2.4 Stealth
 + Level 5.2 Spellcasting
 * Level 2.8 Conjurations
 - Level 1.1 Summonings
 + Level 2.0 Translocations
 * Level 1.5 Air Magic
 * Level 1.5 Poison Magic


You couldn't memorise any spells.
You knew the following spells:

 Your Spells              Type           Power        Failure   Level  Hunger
a - Magic Dart            Conj           ###.         2%          1    None
b - Blink                 Tloc           N/A          10%         2    None
c - Call Imp              Summ           ##......     12%         2    None
d - Repel Missiles        Chrm/Air       #.....       12%         2    None
e - Mephitic Cloud        Conj/Pois/Air  ###.....     14%         3    ##.....
f - Conjure Flame         Conj/Fire      ##......     17%         3    ##.....


Dungeon Overview and Level Annotations

Branches:
Dungeon (3/15)

Altars:


Message History

The orc wizard gestures wildly while chanting.
The orc wizard seems to speed up.
You see here a helmet.
Casting: Conjure Flame
Confirm with . or Enter, or press ? or * to list all spells.
Aiming: Conjure Flame
Press: ? - help, Dir - move target cursor The fire roars!
The orc wizard gestures at you while chanting.
You hear a sizzling sound!
The orc wizard gestures at you while chanting.
The puff of flame hits you! The orc wizard casts a spell at you.
The magic dart hits you!
* * * LOW HITPOINT WARNING * * *
The orc wizard points at you and mumbles some strange words.
The puff of flame misses you.
The orc wizard gestures at you while chanting.
The magic dart hits you!
You die...

### ##.########
#####.........####
#......#...##.....
#@#####..%..###### #.#
##...## #.# #.# ##.##
#.# #.# #.# #.#
###.##### #.# ######
#.##
#.......###'###.....
...#####
##.#o###.##...##.####
.>.....# ##....#
#.#.....#.#### .....#.#
##o....###.....^...##..


You could see an orc wizard.

Vanquished Creatures
  An orc wizard (D:3)
  An adder (D:2)
  A giant mite (D:1)
  2 worms
  2 giant geckos (D:1)
  3 oozes
  An orc (D:3)
  A ball python (D:2)
  3 goblins
  5 hobgoblins
  4 jackals (D:1)
  4 kobolds
  A quokka (D:2)
  5 bats
  2 giant cockroaches
  3 giant newts
  5 rats
44 creatures vanquished.

Vanquished Creatures (collateral kills)
  Ijyb (D:2)
  An ooze (D:2)
  2 orcs (D:3)
  A kobold (D:3)
5 creatures vanquished.

Vanquished Creatures (others)
  A white imp (D:3)
1 creature vanquished.

Grand Total: 50 creatures vanquished

Notes
Turn   | Place    | Note
--------------------------------------------------------------
     0 | D:1      | Quh, the Deep Elf Wizard, began the quest for the Orb.
     0 | D:1      | Reached XP level 1. HP: 10/10 MP: 6/6
   514 | D:1      | Reached XP level 2. HP: 15/15 MP: 4/9
   561 | D:1      | Learned a level 2 spell: Blink
   564 | D:1      | Learned a level 2 spell: Call Imp
   567 | D:1      | Learned a level 2 spell: Repel Missiles
  1036 | D:1      | Reached XP level 3. HP: 19/19 MP: 11/13
  1046 | D:1      | Learned a level 3 spell: Mephitic Cloud
  1459 | D:2      | Reached skill level 1 in Air Magic
  1894 | D:2      | Noticed Ijyb
  2050 | D:2      | Killed Ijyb
  2050 | D:2      | Reached skill level 5 in Spellcasting
  2159 | D:2      | Reached XP level 4. HP: 17/24 MP: 6/17
  2691 | D:3      | Reached skill level 1 in Poison Magic
  2795 | D:3      | Learned a level 3 spell: Conjure Flame
  3217 | D:3      | Killed from afar by an orc wizard

Action                   |  1- 3 |  4- 6 || total
-------------------------+-------+-------++-------
Melee: Unarmed           |    31 |       ||    31
 Cast: Magic Dart        |    99 |    39 ||   138
       Call Imp          |     6 |     7 ||    13
       Blink             |     3 |       ||     3
       Conjure Flame     |       |     5 ||     5
       Mephitic Cloud    |       |     3 ||     3
